[ AOE2 MATCH · #464111473 ]
UnrankedPersians vs Mongols
[ REPLAY ANALYSIS · EXTRACTED FROM THE RECORDED GAME ]
Feudal
13:55
Castle
20:15
Imperial
—
| APM avg | 22.2 |
| APM peak | 65 |
| eAPM avg | 8.1 |
| Villagers / military | 42 / 13 |
Focus
⚔️ 14.4% · 🌾 85.6%
Knight ×9 · Spearman ×4
Feudal
9:23
Castle
22:59
Imperial
—
| APM avg | 25.8 |
| APM peak | 51 |
| eAPM avg | 12.2 |
| Villagers / military | 55 / 26 |
Focus
⚔️ 19.8% · 🌾 80.2%
Scout Cavalry ×16 · Mangudai ×8 · Battering Ram ×2
Feudal
10:58
Castle
—
Imperial
—
| APM avg | 20.6 |
| APM peak | 58 |
| eAPM avg | 11.4 |
| Villagers / military | 25 / 16 |
Focus
⚔️ 14.5% · 🌾 85.5%
Skirmisher ×11 · Scout Cavalry ×5 · Trade Cart ×1
Feudal
10:27
Castle
19:07
Imperial
—
| APM avg | 29.7 |
| APM peak | 57 |
| eAPM avg | 14.1 |
| Villagers / military | 50 / 0 |
Focus
⚔️ 8.2% · 🌾 91.8%
Unknown (2550) ×11 · Unknown (2562) ×4
Feudal
16:14
Castle
22:30
Imperial
—
| APM avg | 30.9 |
| APM peak | 66 |
| eAPM avg | 11.8 |
| Villagers / military | 48 / 12 |
Focus
⚔️ 16.5% · 🌾 83.5%
Militia ×9 · Cavalry Archer ×3 · Trade Cart ×2
Feudal
11:44
Castle
16:13
Imperial
—
| APM avg | 13.4 |
| APM peak | 41 |
| eAPM avg | 8.3 |
| Villagers / military | 55 / 11 |
Focus
⚔️ 10.5% · 🌾 89.5%
Knight ×11
Feudal
11:53
Castle
22:43
Imperial
—
| APM avg | 11.9 |
| APM peak | 23 |
| eAPM avg | 8.5 |
| Villagers / military | 44 / 14 |
Focus
⚔️ 22.9% · 🌾 77.1%
Knight ×14
Feudal
10:20
Castle
27:27
Imperial
—
| APM avg | 33.4 |
| APM peak | 72 |
| eAPM avg | 16.6 |
| Villagers / military | 58 / 136 |
Focus
⚔️ 24.9% · 🌾 75.1%
Archer ×134 · Spearman ×2
Match map
Initial resources + every placement click. Lines = walls · curves = elevation contours. ◆ gold · ⬟ stone · ● berries · ✦ relic · ◌ wall gap
Your base· Open — unwalled flank
Iardos's base· Open — unwalled flank
Serginho's base· Open — 9t gap
[ETL]Onion Knight's base· Open — unwalled flank
fundopando's base· Open — unwalled flank
Ragnar's base· Open — unwalled flank
give me bomb's base
NTM.daniel.echeverri3's base· Open — 3t gap
Smoothed initial terrain · ◌ = detected wall gap · hover for details
Inputs per minute
— MK - - Iardos
Build order — MK
106 actions detected in the replay
| 0:04 | Create | Villager (Male) ×5 |
| 0:13 | Build | House |
| 0:14 | Build | House |
| 0:16 | Build | House |
| 0:17 | Build | House |
| 2:35 | Build | Outpost |
| 2:40 | Research | Loom |
| 2:40 | Create | Villager (Male) |
| 2:40 | Create | Villager (Male) |
| 2:41 | Create | Villager (Male) |
| 3:02 | Build | Lumber Camp |
| 3:05 | Create | Villager (Male) |
| 3:53 | Create | Villager (Male) |
| 3:54 | Create | Villager (Male) |
| 3:54 | Create | Villager (Male) |
| 5:00 | Create | Villager (Male) |
| 5:01 | Create | Villager (Male) |
| 5:50 | Create | Villager (Male) |
| 5:50 | Create | Villager (Male) |
| 6:22 | Build | Mill |
| 7:15 | Create | Villager (Male) |
| 7:15 | Create | Villager (Male) |
| 7:15 | Create | Villager (Male) |
| 7:15 | Create | Villager (Male) |
| 7:51 | Build | Mill |
| 8:00 | Create | Villager (Male) |
| 8:29 | Create | Villager (Male) |
| 8:37 | Build | House |
| 8:39 | Build | House |
| 8:41 | Build | House |
| 9:03 | Create | Villager (Male) |
| 9:13 | Build | Mill |
| 10:00 | Create | Villager (Male) |
| 11:01 | Create | Villager (Male) |
| 11:01 | Create | Villager (Male) |
| 11:51 | Research | Feudal Age |
| 12:13 | Build | Barracks |
| 12:22 | Build | Mining Camp |
| 13:45 | Build | Lumber Camp |
| 13:55 | Age | Feudal Age |
| 14:05 | Build | Palisade Wall |
| 14:19 | Build | Market |
| 14:22 | Build | Blacksmith |
| 14:29 | Create | Villager (Male) |
| 14:29 | Create | Villager (Male) |
| 14:30 | Create | Villager (Male) |
| 14:46 | Create | Villager (Male) |
| 15:00 | Research | Double-Bit Axe |
| 15:34 | Build | Farm |
| 15:34 | Build | Farm |
| 15:34 | Build | Farm |
| 15:35 | Build | Farm |
| 15:35 | Build | Farm |
| 15:35 | Build | Farm |
| 15:36 | Build | Farm |
| 15:47 | Create | Villager (Male) |
| 16:55 | Build | Barracks |
| 17:01 | Research | Scale Mail Armor |
| 17:10 | Build | House |
| 17:35 | Create | Spearman |
| 17:36 | Create | Spearman |
| 17:49 | Research | Castle Age |
| 18:53 | Build | Stable |
| 18:56 | Build | Stable |
| 18:56 | Build | Stable |
| 19:15 | Build | Farm |
| 19:42 | Research | Scale Barding Armor |
| 19:45 | Research | Forging |
| 20:07 | Create | Spearman |
| 20:08 | Create | Spearman |
| 20:15 | Age | Castle Age |
| 20:20 | Create | Knight |
| 20:21 | Create | Knight |
| 20:21 | Create | Knight |
| 20:21 | Create | Knight |
| 20:41 | Build | Town Center |
| 21:02 | Create | Knight |
| 21:02 | Create | Knight |
| 22:07 | Create | Villager (Male) |
| 22:07 | Create | Villager (Male) |
| 22:07 | Create | Villager (Male) |
| 22:32 | Build | Town Center |
| 22:58 | Research | Husbandry |
| 23:16 | Build | Farm |
| 23:20 | Build | Farm |
| 23:24 | Build | Farm |
| 23:30 | Create | Villager (Male) |
| 25:56 | Create | Villager (Male) |
| 25:56 | Create | Villager (Male) |
| 25:57 | Create | Villager (Male) |
| 26:00 | Research | Bow Saw |
| 26:09 | Build | Farm |
| 26:10 | Build | Farm |
| 26:10 | Build | Farm |
| 26:10 | Build | Farm |
| 26:10 | Build | Farm |
| 26:11 | Build | Farm |
| 26:15 | Create | Villager (Male) |
| 26:16 | Create | Villager (Male) |
| 26:23 | Create | Villager (Male) |
| 26:23 | Create | Villager (Male) |
| 26:45 | Create | Knight |
| 26:45 | Create | Knight |
| 26:46 | Create | Knight |
| 27:19 | Research | Wheelbarrow |
| 27:37 | Build | Farm |
Build order — Iardos
150 actions detected in the replay
| 0:03 | Build | House |
| 0:04 | Build | House |
| 0:05 | Create | Villager (Male) |
| 0:05 | Create | Villager (Male) |
| 0:06 | Create | Villager (Male) |
| 0:06 | Create | Villager (Male) |
| 0:06 | Create | Villager (Male) |
| 1:33 | Create | Villager (Male) |
| 2:10 | Create | Villager (Male) |
| 2:32 | Research | Loom |
| 2:56 | Create | Villager (Male) |
| 2:57 | Create | Villager (Male) |
| 3:23 | Create | Villager (Male) |
| 3:38 | Build | Lumber Camp |
| 3:54 | Build | House |
| 3:57 | Create | Villager (Male) |
| 4:27 | Create | Villager (Male) |
| 4:43 | Create | Villager (Male) |
| 5:06 | Create | Villager (Male) |
| 5:48 | Create | Villager (Male) |
| 6:10 | Create | Villager (Male) |
| 6:20 | Build | House |
| 6:25 | Build | Mill |
| 6:42 | Create | Villager (Male) |
| 7:13 | Research | Feudal Age |
| 7:21 | Build | Barracks |
| 8:13 | Create | Villager (Male) |
| 8:14 | Create | Villager (Male) |
| 9:23 | Age | Feudal Age |
| 9:26 | Build | Stable |
| 9:58 | Create | Scout Cavalry |
| 9:59 | Create | Scout Cavalry |
| 9:59 | Create | Scout Cavalry |
| 10:01 | Create | Villager (Male) |
| 10:04 | Research | Double-Bit Axe |
| 10:32 | Create | Villager (Male) |
| 10:34 | Build | House |
| 10:36 | Build | House |
| 10:37 | Create | Villager (Male) |
| 10:59 | Create | Villager (Male) |
| 11:03 | Build | House |
| 11:04 | Build | House |
| 11:44 | Build | Farm |
| 11:48 | Build | Farm |
| 11:57 | Build | Farm |
| 11:57 | Create | Villager (Male) |
| 11:58 | Create | Scout Cavalry |
| 12:12 | Create | Villager (Male) |
| 12:21 | Create | Scout Cavalry |
| 12:29 | Create | Scout Cavalry |
| 12:40 | Build | House |
| 12:44 | Create | Villager (Male) |
| 12:55 | Build | Farm |
| 12:57 | Create | Villager (Male) |
| 13:10 | Research | Bloodlines |
| 13:19 | Build | Blacksmith |
| 13:28 | Create | Villager (Male) |
| 13:33 | Create | Scout Cavalry |
| 13:43 | Create | Villager (Male) |
| 13:48 | Build | Farm |
| 14:06 | Build | House |
| 14:09 | Build | House |
| 14:10 | Create | Villager (Male) |
| 14:20 | Build | Farm |
| 14:26 | Research | Horse Collar |
| 14:29 | Create | Scout Cavalry |
| 14:38 | Create | Scout Cavalry |
| 14:43 | Create | Villager (Male) |
| 14:54 | Create | Villager (Male) |
| 15:08 | Build | House |
| 15:09 | Build | House |
| 15:20 | Create | Villager (Male) |
| 15:28 | Build | Farm |
| 15:49 | Build | Farm |
| 15:52 | Research | Forging |
| 16:08 | Create | Villager (Male) |
| 16:11 | Build | Farm |
| 16:13 | Build | Farm |
| 16:15 | Build | Farm |
| 16:20 | Build | Farm |
| 16:23 | Build | Farm |
| 16:27 | Create | Villager (Male) |
| 16:33 | Build | Farm |
| 16:34 | Create | Villager (Male) |
| 16:39 | Build | Farm |
| 16:40 | Create | Villager (Male) |
| 16:46 | Build | House |
| 16:47 | Build | House |
| 16:48 | Build | House |
| 17:24 | Build | Stable |
| 17:32 | Build | Farm |
| 17:42 | Build | House |
| 17:44 | Build | House |
| 17:46 | Create | Villager (Male) |
| 18:05 | Create | Villager (Male) |
| 18:17 | Create | Villager (Male) |
| 18:28 | Build | Mining Camp |
| 18:45 | Build | House |
| 18:47 | Build | House |
| 18:51 | Build | Building 800 |
| 18:56 | Create | Villager (Male) |
| 19:08 | Build | Stable |
| 19:20 | Create | Villager (Male) |
| 19:32 | Build | Market |
| 19:54 | Create | Villager (Male) |
| 20:18 | Research | Castle Age |
| 20:25 | Build | Archery Range |
| 20:27 | Build | House |
| 20:28 | Build | House |
| 20:34 | Create | Scout Cavalry |
| 20:34 | Create | Scout Cavalry |
| 20:52 | Research | Scale Barding Armor |
| 21:15 | Create | Scout Cavalry |
| 21:26 | Create | Scout Cavalry |
| 21:47 | Create | Villager (Male) |
| 21:48 | Create | Villager (Male) |
| 22:01 | Research | Fletching |
| 22:05 | Create | Scout Cavalry |
| 22:29 | Build | Mining Camp |
| 22:44 | Research | Padded Archer Armor |
| 22:59 | Age | Castle Age |
| 23:27 | Build | Castle |
| 23:29 | Build | Mining Camp |
| 23:33 | Create | Villager (Male) |
| 23:35 | Research | Husbandry |
| 23:40 | Create | Scout Cavalry |
| 23:40 | Create | Scout Cavalry |
| 23:50 | Create | Villager (Male) |
| 24:06 | Build | Siege Workshop |
| 24:20 | Research | Light Cavalry (upgrade) |
| 24:35 | Create | Villager (Male) |
| 24:51 | Create | Mangudai |
| 25:00 | Create | Mangudai |
| 25:06 | Create | Villager (Male) |
| 25:08 | Create | Villager (Male) |
| 25:16 | Create | Villager (Male) |
| 25:18 | Create | Mangudai |
| 25:22 | Create | Battering Ram |
| 25:23 | Create | Villager (Male) |
| 25:30 | Create | Mangudai |
| 25:48 | Create | Villager (Male) |
| 25:54 | Create | Mangudai |
| 26:12 | Research | Wheelbarrow |
| 26:22 | Create | Mangudai |
| 26:24 | Create | Battering Ram |
| 26:36 | Create | Villager (Male) |
| 26:38 | Create | Mangudai |
| 27:09 | Create | Villager (Male) |
| 27:33 | Create | Mangudai |
| 27:41 | Research | Hand Cart |
Build order — Serginho
82 actions detected in the replay
| 0:03 | Build | House |
| 0:04 | Build | House |
| 0:04 | Create | Villager (Male) |
| 0:05 | Create | Villager (Male) |
| 0:05 | Create | Villager (Male) |
| 0:05 | Create | Villager (Male) |
| 1:31 | Create | Villager (Male) |
| 1:31 | Create | Villager (Male) |
| 2:02 | Create | Villager (Male) |
| 2:17 | Create | Villager (Male) |
| 2:29 | Build | Lumber Camp |
| 3:28 | Create | Villager (Male) |
| 3:31 | Create | Villager (Male) |
| 3:35 | Build | House |
| 3:39 | Build | House |
| 3:54 | Create | Villager (Male) |
| 4:46 | Create | Villager (Male) |
| 5:16 | Create | Villager (Male) |
| 5:16 | Create | Villager (Male) |
| 5:58 | Create | Villager (Male) |
| 6:09 | Build | Mill |
| 6:41 | Research | Double-Bit Axe |
| 6:46 | Create | Villager (Male) |
| 7:10 | Create | Villager (Male) |
| 7:32 | Build | Lumber Camp |
| 7:40 | Create | Villager (Male) |
| 8:11 | Build | House |
| 8:26 | Build | Mining Camp |
| 8:27 | Build | Mining Camp |
| 8:46 | Create | Villager (Male) |
| 8:48 | Research | Feudal Age |
| 9:47 | Build | Palisade Wall |
| 10:01 | Build | Barracks |
| 10:10 | Research | Horse Collar |
| 10:13 | Build | Farm |
| 10:21 | Build | Farm |
| 10:24 | Create | Villager (Male) |
| 10:24 | Create | Villager (Male) |
| 10:45 | Research | Loom |
| 10:45 | Research | Wheelbarrow |
| 10:58 | Age | Feudal Age |
| 11:27 | Build | Farm |
| 11:29 | Build | Farm |
| 12:14 | Build | Blacksmith |
| 12:22 | Create | Villager (Male) |
| 12:57 | Build | Market |
| 13:05 | Create | Villager (Male) |
| 13:06 | Create | Villager (Male) |
| 13:56 | Build | Stable |
| 14:39 | Build | Watch Tower |
| 14:55 | Build | Palisade Wall |
| 14:59 | Build | Palisade Wall |
| 15:13 | Build | Archery Range |
| 15:30 | Build | Farm |
| 15:31 | Build | Farm |
| 15:49 | Build | Stable |
| 16:36 | Create | Villager (Male) |
| 16:38 | Build | Farm |
| 16:40 | Build | Farm |
| 16:51 | Build | Mining Camp |
| 16:55 | Create | Scout Cavalry |
| 16:55 | Create | Scout Cavalry |
| 16:57 | Create | Scout Cavalry |
| 16:59 | Create | Scout Cavalry |
| 17:08 | Create | Skirmisher |
| 17:08 | Create | Skirmisher |
| 17:13 | Build | Farm |
| 17:14 | Create | Skirmisher |
| 17:38 | Build | Farm |
| 17:50 | Create | Scout Cavalry |
| 17:53 | Create | Skirmisher |
| 17:54 | Create | Skirmisher |
| 18:03 | Build | House |
| 18:05 | Build | House |
| 18:36 | Create | Skirmisher |
| 18:51 | Create | Skirmisher |
| 18:53 | Create | Skirmisher |
| 19:04 | Create | Trade Cart |
| 19:11 | Create | Skirmisher |
| 19:52 | Create | Skirmisher |
| 19:52 | Create | Skirmisher |
| 20:04 | Build | Archery Range |
Build order — [ETL]Onion Knight
118 actions detected in the replay
| 0:08 | Create | Villager (Male) |
| 0:08 | Create | Villager (Male) |
| 0:08 | Create | Villager (Male) |
| 0:09 | Create | Villager (Male) |
| 0:09 | Create | Villager (Male) |
| 0:11 | Build | House |
| 0:12 | Build | House |
| 1:42 | Build | Settlement |
| 1:48 | Create | Villager (Male) |
| 2:16 | Create | Villager (Male) |
| 2:40 | Create | Villager (Male) |
| 3:07 | Create | Villager (Male) |
| 3:56 | Create | Villager (Male) |
| 3:57 | Create | Villager (Male) |
| 4:09 | Build | House |
| 4:43 | Create | Villager (Male) |
| 4:56 | Build | Settlement |
| 5:07 | Build | Settlement |
| 5:14 | Create | Villager (Male) |
| 5:35 | Create | Villager (Male) |
| 6:01 | Create | Villager (Male) |
| 6:25 | Create | Villager (Male) |
| 6:49 | Create | Villager (Male) |
| 7:15 | Create | Villager (Male) |
| 7:50 | Create | Villager (Male) |
| 8:17 | Research | Feudal Age |
| 8:34 | Build | House |
| 9:03 | Research | Loom |
| 10:27 | Age | Feudal Age |
| 10:46 | Create | Villager (Male) |
| 10:55 | Research | Double-Bit Axe |
| 11:34 | Create | Villager (Male) |
| 11:35 | Create | Villager (Male) |
| 11:55 | Build | Farm |
| 12:15 | Build | Farm |
| 12:18 | Create | Villager (Male) |
| 12:32 | Build | Settlement |
| 12:48 | Create | Villager (Male) |
| 12:52 | Build | Farm |
| 13:26 | Create | Villager (Male) |
| 13:27 | Build | Farm |
| 13:53 | Create | Villager (Male) |
| 13:58 | Build | Farm |
| 14:11 | Create | Villager (Male) |
| 14:34 | Build | Market |
| 14:39 | Create | Villager (Male) |
| 14:46 | Build | Farm |
| 14:59 | Build | Blacksmith |
| 15:08 | Create | Villager (Male) |
| 15:18 | Build | House |
| 15:33 | Create | Villager (Male) |
| 15:38 | Build | Farm |
| 15:47 | Build | Farm |
| 15:56 | Create | Villager (Male) |
| 16:21 | Build | Settlement |
| 16:27 | Research | Castle Age |
| 17:09 | Research | Wheelbarrow |
| 17:39 | Research | Horse Collar |
| 18:09 | Build | Barracks |
| 18:17 | Research | Gold Mining |
| 18:41 | Research | Stone Mining |
| 18:46 | Research | Forging |
| 19:01 | Create | Villager (Male) |
| 19:07 | Age | Castle Age |
| 19:08 | Build | Farm |
| 19:10 | Build | Farm |
| 19:35 | Create | Unit 2550 |
| 19:37 | Create | Unit 2550 |
| 19:48 | Build | Farm |
| 20:25 | Build | Castle |
| 20:32 | Create | Villager (Male) |
| 20:41 | Create | Villager (Male) |
| 20:46 | Build | Farm |
| 20:53 | Build | Farm |
| 21:07 | Create | Unit 2550 |
| 21:07 | Create | Unit 2550 |
| 21:15 | Research | Tech 1402 |
| 21:39 | Create | Villager (Male) |
| 21:44 | Build | Farm |
| 21:55 | Create | Unit 2550 |
| 22:07 | Build | Town Center |
| 22:12 | Create | Villager (Male) |
| 22:18 | Research | Scale Mail Armor |
| 23:03 | Create | Unit 2550 |
| 23:13 | Create | Villager (Male) |
| 23:16 | Create | Unit 2562 |
| 23:24 | Research | Bow Saw |
| 23:28 | Create | Villager (Male) |
| 23:32 | Create | Villager (Male) |
| 23:32 | Create | Villager (Male) |
| 24:01 | Build | Farm |
| 24:03 | Create | Villager (Male) |
| 24:07 | Build | Farm |
| 24:10 | Create | Unit 2562 |
| 24:10 | Create | Unit 2562 |
| 24:11 | Create | Unit 2550 |
| 24:11 | Create | Unit 2550 |
| 24:48 | Build | Farm |
| 24:52 | Build | Farm |
| 24:55 | Build | Farm |
| 24:56 | Create | Villager (Male) |
| 24:56 | Create | Villager (Male) |
| 24:59 | Create | Unit 2562 |
| 25:35 | Create | Villager (Male) |
| 25:37 | Research | Hand Cart |
| 25:38 | Create | Villager (Male) |
| 25:42 | Build | Farm |
| 25:48 | Create | Villager (Male) |
| 25:52 | Create | Unit 2550 |
| 25:53 | Create | Unit 2550 |
| 26:48 | Research | Heavy Plow |
| 26:48 | Research | Gold Shaft Mining |
| 26:53 | Create | Villager (Male) |
| 26:53 | Create | Villager (Male) |
| 26:53 | Create | Villager (Male) |
| 26:53 | Create | Villager (Male) |
| 27:21 | Build | Town Center |
| 27:26 | Create | Unit 2550 |
Build order — fundopando
98 actions detected in the replay
| 0:05 | Build | House |
| 0:08 | Create | Villager (Male) |
| 0:48 | Create | Villager (Male) |
| 0:48 | Create | Villager (Male) |
| 0:49 | Create | Villager (Male) |
| 0:49 | Create | Villager (Male) |
| 1:46 | Build | House |
| 2:01 | Create | Villager (Male) |
| 2:23 | Create | Villager (Male) |
| 2:50 | Create | Villager (Male) |
| 3:43 | Build | Mining Camp |
| 3:46 | Create | Villager (Male) |
| 3:46 | Create | Villager (Male) |
| 3:46 | Create | Villager (Male) |
| 4:05 | Create | Villager (Male) |
| 4:22 | Create | Villager (Male) |
| 4:41 | Build | House |
| 4:44 | Create | Villager (Male) |
| 5:28 | Create | Villager (Male) |
| 5:56 | Create | Villager (Male) |
| 6:03 | Build | Barracks |
| 6:16 | Create | Villager (Male) |
| 6:30 | Create | Villager (Male) |
| 6:48 | Build | House |
| 6:56 | Research | Loom |
| 6:56 | Research | Loom |
| 7:00 | Create | Militia |
| 7:11 | Build | House |
| 7:27 | Create | Villager (Male) |
| 7:27 | Create | Villager (Male) |
| 7:37 | Create | Militia |
| 7:44 | Create | Militia |
| 8:14 | Create | Militia |
| 8:42 | Create | Villager (Male) |
| 9:09 | Create | Villager (Male) |
| 9:27 | Create | Villager (Male) |
| 9:28 | Create | Militia |
| 9:51 | Create | Militia |
| 10:11 | Create | Villager (Male) |
| 10:11 | Create | Villager (Male) |
| 10:28 | Create | Villager (Male) |
| 10:44 | Build | House |
| 11:12 | Build | House |
| 11:35 | Create | Militia |
| 11:35 | Create | Militia |
| 12:02 | Create | Militia |
| 12:41 | Build | Mill |
| 14:04 | Research | Feudal Age |
| 14:04 | Research | Feudal Age |
| 16:14 | Age | Feudal Age |
| 16:18 | Create | Villager (Male) |
| 16:18 | Create | Villager (Male) |
| 16:18 | Create | Villager (Male) |
| 16:19 | Create | Villager (Male) |
| 17:02 | Build | Town Center |
| 17:16 | Build | House |
| 17:20 | Create | Villager (Male) |
| 17:37 | Create | Villager (Male) |
| 17:37 | Create | Villager (Male) |
| 17:47 | Create | Villager (Male) |
| 18:33 | Build | Blacksmith |
| 19:00 | Build | Market |
| 19:15 | Build | Farm |
| 19:30 | Build | Farm |
| 19:34 | Build | Farm |
| 19:50 | Research | Castle Age |
| 19:50 | Research | Castle Age |
| 19:55 | Build | Farm |
| 20:03 | Build | Farm |
| 20:04 | Build | Farm |
| 20:25 | Build | Archery Range |
| 20:29 | Build | Stable |
| 21:05 | Create | Villager (Male) |
| 21:06 | Create | Villager (Male) |
| 21:17 | Create | Trade Cart |
| 21:17 | Create | Trade Cart |
| 21:47 | Build | Archery Range |
| 21:49 | Build | House |
| 21:51 | Build | House |
| 22:00 | Create | Villager (Male) |
| 22:01 | Create | Villager (Male) |
| 22:30 | Age | Castle Age |
| 22:35 | Create | Cavalry Archer |
| 22:35 | Create | Cavalry Archer |
| 22:56 | Create | Villager (Male) |
| 22:57 | Create | Villager (Male) |
| 23:12 | Build | Archery Range |
| 23:31 | Create | Cavalry Archer |
| 23:52 | Create | Villager (Male) |
| 23:52 | Create | Villager (Male) |
| 23:52 | Create | Villager (Male) |
| 24:15 | Create | Villager (Male) |
| 24:15 | Create | Villager (Male) |
| 25:23 | Create | Villager (Male) |
| 25:23 | Create | Villager (Male) |
| 25:44 | Build | House |
| 25:47 | Build | House |
| 25:55 | Create | Villager (Male) |
Build order — Ragnar
107 actions detected in the replay
| 0:02 | Create | Villager (Male) |
| 0:02 | Create | Villager (Male) |
| 0:02 | Create | Villager (Male) |
| 0:02 | Create | Villager (Male) |
| 0:03 | Create | Villager (Male) |
| 0:04 | Build | House |
| 0:11 | Build | House |
| 1:29 | Create | Villager (Male) |
| 1:29 | Create | Villager (Male) |
| 2:06 | Create | Villager (Male) |
| 2:07 | Create | Villager (Male) |
| 2:43 | Create | Villager (Male) |
| 2:43 | Create | Villager (Male) |
| 3:01 | Create | Villager (Male) |
| 3:02 | Create | Villager (Male) |
| 3:32 | Create | Villager (Male) |
| 3:32 | Create | Villager (Male) |
| 4:21 | Build | Mill |
| 4:32 | Create | Villager (Male) |
| 4:33 | Create | Villager (Male) |
| 4:33 | Create | Villager (Male) |
| 4:33 | Create | Villager (Male) |
| 5:11 | Build | House |
| 5:26 | Create | Villager (Male) |
| 5:43 | Create | Villager (Male) |
| 6:26 | Create | Villager (Male) |
| 6:47 | Build | House |
| 6:51 | Create | Villager (Male) |
| 6:52 | Create | Villager (Male) |
| 7:29 | Create | Villager (Male) |
| 8:19 | Create | Villager (Male) |
| 8:24 | Create | Villager (Male) |
| 8:54 | Build | Lumber Camp |
| 9:04 | Research | Loom |
| 9:34 | Research | Feudal Age |
| 9:35 | Create | Villager (Male) |
| 9:35 | Create | Villager (Male) |
| 11:44 | Age | Feudal Age |
| 11:47 | Build | Farm |
| 11:51 | Build | Farm |
| 12:00 | Build | Blacksmith |
| 12:06 | Build | Market |
| 12:27 | Build | Farm |
| 13:16 | Build | Mining Camp |
| 13:33 | Research | Castle Age |
| 14:20 | Build | Farm |
| 14:24 | Build | Farm |
| 14:48 | Build | Barracks |
| 14:59 | Build | Farm |
| 15:00 | Build | Farm |
| 15:04 | Create | Villager (Male) |
| 15:04 | Create | Villager (Male) |
| 16:13 | Age | Castle Age |
| 16:23 | Build | House |
| 16:30 | Build | Town Center |
| 16:56 | Build | House |
| 17:36 | Create | Villager (Male) |
| 17:54 | Create | Villager (Male) |
| 18:05 | Build | Stable |
| 18:19 | Create | Villager (Male) |
| 18:34 | Create | Villager (Male) |
| 18:35 | Create | Villager (Male) |
| 18:45 | Create | Villager (Male) |
| 18:45 | Create | Villager (Male) |
| 19:09 | Research | Husbandry |
| 19:10 | Create | Knight |
| 19:10 | Create | Knight |
| 19:12 | Create | Knight |
| 19:12 | Create | Knight |
| 19:17 | Build | Farm |
| 20:02 | Create | Villager (Male) |
| 20:04 | Create | Villager (Male) |
| 20:04 | Create | Villager (Male) |
| 20:54 | Create | Knight |
| 21:00 | Create | Villager (Male) |
| 21:00 | Create | Villager (Male) |
| 21:05 | Build | House |
| 21:06 | Build | House |
| 21:10 | Build | House |
| 21:17 | Create | Villager (Male) |
| 21:18 | Create | Villager (Male) |
| 21:56 | Create | Knight |
| 22:10 | Build | Farm |
| 22:12 | Build | Farm |
| 22:12 | Build | Farm |
| 22:16 | Build | Farm |
| 22:27 | Build | Farm |
| 22:30 | Build | Farm |
| 22:32 | Build | Farm |
| 23:50 | Build | Castle |
| 24:15 | Create | Knight |
| 24:16 | Create | Villager (Male) |
| 24:17 | Create | Villager (Male) |
| 25:09 | Create | Knight |
| 25:10 | Create | Knight |
| 25:13 | Create | Villager (Male) |
| 25:14 | Create | Villager (Male) |
| 25:55 | Research | Scale Barding Armor |
| 25:55 | Research | Forging |
| 26:25 | Create | Villager (Male) |
| 26:25 | Create | Villager (Male) |
| 26:29 | Create | Knight |
| 26:32 | Create | Villager (Male) |
| 26:32 | Create | Villager (Male) |
| 27:05 | Create | Villager (Male) |
| 27:05 | Create | Villager (Male) |
| 27:08 | Create | Knight |
Build order — give me bomb
113 actions detected in the replay
| 0:02 | Create | Villager (Male) |
| 0:02 | Create | Villager (Male) |
| 0:03 | Create | Villager (Male) |
| 0:03 | Create | Villager (Male) |
| 0:06 | Build | House |
| 0:08 | Build | House |
| 1:36 | Create | Villager (Male) |
| 2:15 | Create | Villager (Male) |
| 2:19 | Create | Villager (Male) |
| 3:15 | Create | Villager (Male) |
| 3:15 | Create | Villager (Male) |
| 3:42 | Create | Villager (Male) |
| 4:03 | Build | House |
| 4:04 | Build | House |
| 4:10 | Create | Villager (Male) |
| 4:10 | Create | Villager (Male) |
| 4:19 | Build | Lumber Camp |
| 4:35 | Create | Villager (Male) |
| 4:36 | Create | Villager (Male) |
| 5:02 | Create | Villager (Male) |
| 5:30 | Create | Villager (Male) |
| 5:54 | Build | Mill |
| 6:00 | Create | Villager (Male) |
| 6:06 | Create | Villager (Male) |
| 6:56 | Create | Villager (Male) |
| 6:57 | Create | Villager (Male) |
| 6:57 | Create | Villager (Male) |
| 7:36 | Create | Villager (Male) |
| 7:58 | Build | House |
| 7:59 | Build | House |
| 8:46 | Build | Barracks |
| 9:08 | Build | Barracks |
| 9:43 | Research | Feudal Age |
| 10:42 | Build | Mining Camp |
| 11:19 | Build | Mining Camp |
| 11:53 | Age | Feudal Age |
| 11:54 | Create | Villager (Male) |
| 11:54 | Create | Villager (Male) |
| 11:54 | Create | Villager (Male) |
| 11:55 | Create | Villager (Male) |
| 11:55 | Create | Villager (Male) |
| 11:56 | Create | Villager (Male) |
| 12:11 | Build | Stone Wall |
| 12:32 | Research | Horse Collar |
| 12:33 | Research | Double-Bit Axe |
| 13:15 | Build | Blacksmith |
| 13:23 | Build | Market |
| 13:38 | Research | Stone Mining |
| 14:06 | Build | Stone Wall |
| 14:28 | Create | Villager (Male) |
| 14:28 | Create | Villager (Male) |
| 14:29 | Create | Villager (Male) |
| 14:29 | Create | Villager (Male) |
| 15:37 | Build | House |
| 15:38 | Build | House |
| 15:42 | Build | House |
| 16:10 | Create | Villager (Male) |
| 16:11 | Create | Villager (Male) |
| 16:11 | Create | Villager (Male) |
| 16:41 | Build | Archery Range |
| 16:42 | Build | Stable |
| 16:53 | Build | Stable |
| 16:59 | Build | Farm |
| 17:10 | Build | Building 490 |
| 17:19 | Build | Farm |
| 17:34 | Build | Farm |
| 17:38 | Build | Farm |
| 17:41 | Build | Farm |
| 17:42 | Build | Farm |
| 17:43 | Build | Farm |
| 17:45 | Build | Farm |
| 17:46 | Build | Farm |
| 17:48 | Build | Farm |
| 17:51 | Build | Farm |
| 18:13 | Create | Villager (Male) |
| 18:13 | Create | Villager (Male) |
| 18:25 | Research | Loom |
| 18:50 | Build | Farm |
| 19:11 | Build | Farm |
| 19:57 | Build | Stone Wall |
| 20:03 | Research | Castle Age |
| 20:35 | Build | Stone Wall |
| 21:01 | Build | Stable |
| 21:03 | Build | Stable |
| 21:45 | Research | Bloodlines |
| 21:55 | Build | Mining Camp |
| 22:43 | Age | Castle Age |
| 22:45 | Build | Castle |
| 23:26 | Create | Knight |
| 23:26 | Create | Knight |
| 23:26 | Create | Knight |
| 23:26 | Create | Knight |
| 23:27 | Create | Knight |
| 23:27 | Create | Knight |
| 24:09 | Build | Mining Camp |
| 24:46 | Create | Knight |
| 24:46 | Create | Knight |
| 24:46 | Create | Knight |
| 25:12 | Build | Building 490 |
| 25:30 | Create | Knight |
| 25:30 | Create | Knight |
| 25:30 | Create | Knight |
| 26:03 | Create | Villager (Male) |
| 26:03 | Create | Villager (Male) |
| 26:04 | Create | Villager (Male) |
| 26:04 | Create | Villager (Male) |
| 26:04 | Create | Villager (Male) |
| 26:06 | Build | Town Center |
| 26:33 | Build | Town Center |
| 27:00 | Create | Villager (Male) |
| 27:01 | Create | Villager (Male) |
| 27:05 | Create | Knight |
| 27:05 | Create | Knight |
Build order — NTM.daniel.echeverri3
First 150 of 170 actions detected
| 0:01 | Create | Villager (Male) |
| 0:02 | Create | Villager (Male) |
| 0:02 | Create | Villager (Male) |
| 0:02 | Create | Villager (Male) |
| 0:05 | Build | House |
| 0:08 | Build | House |
| 1:34 | Create | Villager (Male) |
| 1:34 | Create | Villager (Male) |
| 1:47 | Build | Lumber Camp |
| 2:11 | Create | Villager (Male) |
| 2:32 | Create | Villager (Male) |
| 2:32 | Create | Villager (Male) |
| 2:33 | Create | Villager (Male) |
| 2:33 | Create | Villager (Male) |
| 2:33 | Create | Villager (Male) |
| 2:53 | Create | Villager (Male) |
| 2:54 | Create | Villager (Male) |
| 2:54 | Create | Villager (Male) |
| 2:54 | Create | Villager (Male) |
| 3:18 | Create | Villager (Male) |
| 3:19 | Create | Villager (Male) |
| 3:19 | Create | Villager (Male) |
| 3:37 | Build | House |
| 3:38 | Build | House |
| 3:53 | Create | Villager (Male) |
| 4:03 | Create | Villager (Male) |
| 4:03 | Create | Villager (Male) |
| 4:03 | Create | Villager (Male) |
| 4:44 | Create | Villager (Male) |
| 4:44 | Create | Villager (Male) |
| 4:44 | Create | Villager (Male) |
| 4:44 | Create | Villager (Male) |
| 4:44 | Create | Villager (Male) |
| 5:29 | Create | Villager (Male) |
| 5:58 | Create | Villager (Male) |
| 6:03 | Build | Mining Camp |
| 6:19 | Research | Loom |
| 6:52 | Create | Villager (Male) |
| 7:32 | Create | Villager (Male) |
| 8:10 | Research | Feudal Age |
| 9:17 | Build | Barracks |
| 10:20 | Age | Feudal Age |
| 10:26 | Build | Archery Range |
| 10:31 | Build | House |
| 10:33 | Build | House |
| 10:38 | Create | Villager (Male) |
| 10:40 | Create | Villager (Male) |
| 10:40 | Create | Villager (Male) |
| 11:11 | Build | Archery Range |
| 11:21 | Create | Villager (Male) |
| 11:47 | Create | Archer |
| 11:47 | Create | Archer |
| 11:48 | Create | Archer |
| 11:48 | Create | Archer |
| 11:48 | Create | Archer |
| 11:48 | Create | Archer |
| 12:23 | Build | House |
| 12:33 | Build | Building 800 |
| 12:40 | Create | Villager (Male) |
| 12:41 | Create | Villager (Male) |
| 12:41 | Create | Villager (Male) |
| 12:46 | Create | Archer |
| 12:46 | Create | Archer |
| 12:46 | Create | Archer |
| 13:03 | Create | Archer |
| 13:03 | Create | Archer |
| 13:03 | Create | Archer |
| 13:07 | Create | Villager (Male) |
| 13:27 | Build | Blacksmith |
| 13:30 | Create | Villager (Male) |
| 13:30 | Create | Villager (Male) |
| 13:47 | Create | Archer ×2 |
| 13:47 | Create | Archer ×2 |
| 13:48 | Create | Archer ×2 |
| 13:48 | Create | Archer ×2 |
| 14:01 | Create | Villager (Male) |
| 14:36 | Create | Archer ×2 |
| 14:36 | Create | Archer ×2 |
| 14:37 | Create | Archer ×2 |
| 14:40 | Create | Villager (Male) |
| 14:44 | Create | Villager (Male) |
| 14:55 | Build | House |
| 14:57 | Build | House |
| 15:02 | Build | Palisade Wall |
| 15:05 | Build | Palisade Wall |
| 15:09 | Build | Palisade Wall |
| 15:13 | Build | Palisade Wall |
| 15:28 | Create | Archer ×3 |
| 15:28 | Create | Archer ×3 |
| 15:28 | Create | Archer ×3 |
| 15:28 | Create | Archer ×3 |
| 15:30 | Create | Villager (Male) |
| 15:30 | Create | Villager (Male) |
| 15:58 | Build | Mill |
| 16:18 | Create | Archer ×3 |
| 16:18 | Create | Archer ×3 |
| 16:18 | Create | Archer ×3 |
| 16:19 | Create | Villager (Male) |
| 16:27 | Build | Farm |
| 16:48 | Research | Fletching |
| 16:53 | Create | Archer |
| 16:54 | Create | Archer |
| 16:54 | Create | Archer |
| 16:54 | Create | Archer |
| 17:02 | Build | Farm |
| 17:06 | Build | House |
| 17:07 | Build | House |
| 17:08 | Build | House |
| 17:14 | Build | House |
| 17:30 | Create | Villager (Male) |
| 17:39 | Create | Spearman |
| 17:40 | Create | Spearman |
| 17:54 | Create | Archer ×2 |
| 17:55 | Create | Archer ×2 |
| 17:55 | Create | Archer ×2 |
| 17:57 | Create | Villager (Male) |
| 17:57 | Create | Villager (Male) |
| 18:22 | Build | Farm |
| 18:22 | Build | Farm |
| 18:22 | Build | Farm |
| 18:22 | Build | Farm |
| 18:23 | Build | Farm |
| 18:23 | Build | Farm |
| 18:23 | Build | Farm |
| 18:23 | Build | Farm |
| 18:54 | Research | Horse Collar |
| 19:05 | Create | Archer ×3 |
| 19:05 | Create | Archer ×3 |
| 19:05 | Create | Archer ×3 |
| 19:05 | Create | Archer ×3 |
| 19:06 | Create | Archer |
| 19:07 | Create | Archer |
| 19:20 | Create | Villager (Male) |
| 19:20 | Create | Villager (Male) |
| 20:29 | Research | Padded Archer Armor |
| 20:31 | Create | Archer ×5 |
| 20:32 | Create | Archer ×5 |
| 20:32 | Create | Archer ×5 |
| 20:32 | Create | Archer |
| 20:32 | Create | Archer |
| 20:35 | Create | Villager (Male) |
| 20:36 | Create | Villager (Male) |
| 21:13 | Build | Market |
| 21:19 | Build | Archery Range |
| 21:31 | Create | Villager (Male) |
| 21:31 | Create | Villager (Male) |
| 21:31 | Create | Villager (Male) |
| 22:28 | Build | House |
| 22:30 | Build | House |
| 22:32 | Build | House |
Match timeline
| 6:03 | fundopando · first_building Barracks |
| 7:21 | Iardos · first_building Barracks |
| 8:46 | give me bomb · first_building Barracks |
| 9:17 | NTM.daniel.echeverri3 · first_building Barracks |
| 9:23 | Iardos · age_up feudal |
| 9:26 | Iardos · first_building Stable |
| 9:47 | Serginho · wall_segment Palisade Wall x4 |
| 10:01 | Serginho · first_building Barracks |
| 10:20 | NTM.daniel.echeverri3 · age_up feudal |
| 10:26 | NTM.daniel.echeverri3 · first_building Archery Range |
| 10:27 | [ETL]Onion Knight · age_up feudal |
| 10:58 | Serginho · age_up feudal |
| 11:44 | Ragnar · age_up feudal |
| 11:53 | give me bomb · age_up feudal |
| 12:11 | give me bomb · wall_segment Stone Wall x29 |
| 12:13 | MK · first_building Barracks |
| 13:55 | MK · age_up feudal |
| 13:56 | Serginho · first_building Stable |
| 14:05 | MK · wall_segment Palisade Wall x7 |
| 14:06 | give me bomb · wall_segment Stone Wall x28 |
| 14:48 | Ragnar · first_building Barracks |
| 14:55 | Serginho · wall_segment Palisade Wall x8 |
| 14:59 | Serginho · wall_segment Palisade Wall x11 |
| 15:02 | NTM.daniel.echeverri3 · wall_segment Palisade Wall x4 |
| 15:05 | NTM.daniel.echeverri3 · wall_segment Palisade Wall x8 |
| 15:09 | NTM.daniel.echeverri3 · wall_segment Palisade Wall x20 |
| 15:13 | Serginho · first_building Archery Range |
| 15:13 | NTM.daniel.echeverri3 · wall_segment Palisade Wall x15 |
| 16:13 | Ragnar · age_up castle |
| 16:14 | fundopando · age_up feudal |
| 16:41 | give me bomb · first_building Archery Range |
| 16:42 | give me bomb · first_building Stable |
| 17:47 | MK · first_market_buy 100 food |
| 18:05 | Ragnar · first_building Stable |
| 18:09 | [ETL]Onion Knight · first_building Barracks |
| 18:53 | MK · first_building Stable |
| 19:07 | [ETL]Onion Knight · age_up castle |
| 19:57 | give me bomb · wall_segment Stone Wall x28 |
| 20:00 | give me bomb · first_market_buy 100 food |
| 20:01 | Serginho · first_market_buy 100 wood |
| 20:15 | MK · age_up castle |
| 20:17 | Iardos · first_market_buy 100 food |
| 20:25 | Iardos · first_building Archery Range |
| 20:25 | fundopando · first_building Archery Range |
| 20:25 | [ETL]Onion Knight · first_building Castle |
| 20:29 | fundopando · first_building Stable |
| 20:30 | Serginho · resign |
| 20:35 | give me bomb · wall_segment Stone Wall x27 |
| 22:30 | fundopando · age_up castle |
| 22:43 | give me bomb · age_up castle |
| 22:45 | give me bomb · first_building Castle |
| 22:59 | Iardos · age_up castle |
| 23:21 | Iardos · first_market_sell 100 wood |
| 23:27 | Iardos · first_building Castle |
| 23:50 | Ragnar · first_building Castle |
| 23:55 | NTM.daniel.echeverri3 · first_market_sell 100 wood |
| 23:59 | NTM.daniel.echeverri3 · first_market_buy 100 food |
| 24:06 | Iardos · first_building Siege Workshop |
| 27:09 | NTM.daniel.echeverri3 · first_building Stable |
| 27:27 | NTM.daniel.echeverri3 · age_up castle |
[ AI ANALYSIS · 1 CREDIT ]
What really happened in this match?
Wolo.gg analyzes every decision: build order, eco, micro, common mistakes by bracket. Personalized analysis on WhatsApp or Discord in 30 seconds.
Civ guide
Persians
Perfil
Jugador #19187615